 Dungeon Crawl Stone Soup version 0.17.1-1-g73c8601 (webtiles) character file.

177 Rationalist the Shield-Bearer (level 5, -5/43 HPs)
             Began as a Formicid Fighter on Dec 11, 2015.
             Slain by an ogre
             ... wielding a +0 giant club
              (12 damage)
             ... on level 4 of the Dungeon.
             The game lasted 00:04:34 (2582 turns).

Rationalist the Shield-Bearer (Formicid Fighter)    Turns: 2582, Time: 00:04:34

Health: -5/43      AC:  7    Str: 21    XL:     5   Next: 88%
Magic:  5/5        EV: 10    Int:  7    God:
Gold:   128        SH:  7    Dex: 11    Spells: 0 memorised, 4 levels left

rFire  x . .     SeeInvis +     a - +0 war axe
rCold  + . .     Clarity  +     b - +0 scale mail
rNeg   . . .     SustAt   .     x - +2 buckler
rPois  .         Gourm    .     (helmet unavailable)
rElec  .         Spirit   .     (no cloak)
rCorr  .         Warding  .     (no gloves)
rMut   .         Stasis   +     (no boots)
MR     .....                    t - amulet of clarity
Stlth  ..........               (no ring)
                                p - ring of ice

@: not resistant to hostile enchantments, extremely unstealthy
A: permanent stasis, dig shafts and tunnels, four strong arms, antennae 3
a: Dig, Shaft Self


You were on level 4 of the Dungeon.
You were hungry.

You visited 1 branch of the dungeon, and saw 4 of its levels.

You collected 128 gold pieces.

Inventory:

Hand Weapons
 a - a +0 war axe (weapon)
Missiles
 f - 15 bolts
 o - 8 javelins (quivered)
Armour
 b - a +0 scale mail (worn)
 c - a +0 shield
 x - a +2 buckler (worn)
Jewellery
 p - a ring of ice (left hand)
 t - an amulet of clarity (around neck)
 A - a cursed amulet of inaccuracy {unknown}
Wands
 y - a wand of fireball (4)
Scrolls
 g - a scroll of remove curse {unknown}
 h - 2 scrolls of enchant weapon {unknown}
 k - a scroll of teleportation {unknown}
 r - a scroll of random uselessness {unknown}
 w - a scroll of immolation {unknown}
 C - a scroll of enchant armour {unknown}
Potions
 d - a potion of might
 j - a potion of brilliance
 l - a potion of agility
 n - a potion of resistance {unknown}
 q - 2 potions of poison
 s - a potion of heal wounds
 u - a potion of haste {unknown}
 v - a potion of curing
 D - 2 potions of ambrosia
Comestibles
 e - 3 bread rations
 m - a beef jerky
 z - a meat ration


   Skills:
 + Level 4.4 Fighting
 + Level 2.6 Axes
 + Level 3.8 Armour
 + Level 1.9 Dodging
 + Level 4.8 Shields


You had 4 spell levels left.
You didn't know any spells.

Dungeon Overview and Level Annotations

Branches:
Dungeon (4/15)
 Temple: D:4-7

Altars:
Qazlal
The Shining One


Innate Abilities, Weirdness & Mutations

You are under a permanent stasis effect.
You can dig through walls and to a lower floor.
Your four strong arms can wield two-handed weapons with a shield.
You have a pair of large antennae on your head (SInv).


Message History

Evoke which item? (* to show all) (? for menu, Esc to quit)
Zapping:
y - a wand of fireball (will waste charges)
Press: ? - help, Shift-Dir - straight line, f - ogre
Aim: an ogre, wielding a giant club (lightly wounded) That beam is likely to hit you.
Continue anyway?
The fireball explodes!
The fireball engulfs the ogre.
The ogre is moderately wounded.
The fireball engulfs the jackal.
You kill the jackal!
The fireball engulfs the jackal.
You kill the jackal!
The fireball engulfs you! The fire burns you terribly!
* * * LOW HITPOINT WARNING * * *
Evoking this partially-identified wand wasted a few charges.
You hear a shout!
The ogre barely misses you.
You slash the ogre!
The ogre is heavily wounded.
The ogre hits you with a giant club!
You die...

#.# ####.#
.>#.# .#
#.#.#
....###.#.#
..........#
..####...#
#.####...#
#.ohO@...#
#..###..##
.... #..#
.... #..#
[.. #..# ..
#..# . ...#
.#.#


You could see an ogre, an orc and a jackal.

Vanquished Creatures
  A jelly (D:3)
  5 adders
  5 worms
  2 orcs (D:3)
  A ball python (D:2)
  12 bats
  6 hobgoblins
  9 kobolds
  5 giant cockroaches
  3 giant geckos
  4 giant newts
  8 goblins
  10 jackals
  A quokka (D:3)
  7 rats
79 creatures vanquished.

Notes
Turn   | Place    | Note
--------------------------------------------------------------
     0 | D:1      | Rationalist the Formicid Fighter began the quest for the Orb.
     0 | D:1      | Reached XP level 1. HP: 18/18 MP: 1/1
   141 | D:1      | Reached XP level 2. HP: 18/24 MP: 2/2
   576 | D:1      | Reached skill level 4 in Shields
   576 | D:1      | Reached XP level 3. HP: 30/30 MP: 3/3
   886 | D:2      | HP: 2/45 [poisoned by an adder]
  1011 | D:2      | Reached XP level 4. HP: 16/37 MP: 4/4
  1263 | D:2      | Reached skill level 1 in Dodging
  1468 | D:2      | Found a faded altar to an unknown god.
  2023 | D:3      | Reached XP level 5. HP: 40/42 MP: 5/5
  2193 | D:3      | Found a stormy altar of Qazlal.
  2444 | D:3      | Found a glowing golden altar of the Shining One.
  2571 | D:4      | Noticed an ogre
  2582 | D:4      | Slain by an ogre

Action                   |  1- 3 |  4- 6 || total
-------------------------+-------+-------++-------
Melee: War axe           |    85 |   155 ||   240
Evoke: Wand              |       |     1 ||     1
  Use: Potion            |     1 |       ||     1
       Scroll            |       |     6 ||     6
  Eat: Chunk             |       |     5 ||     5
